 Dungeon Crawl Stone Soup version 0.28.0-53-g5a82cb258f (webtiles) character file.

Game seed: 1485493675192697522

38 tizbic2 the Skirmisher (level 3, -2/37 HPs)
             Began as an Ogre Brigand on Aug 7, 2022.
             Was an Initiate of Wu Jian.
             Slain by a gnoll
             ... wielding a +0 spear
              (4 damage)
             ... on level 2 of the Dungeon.
             The game lasted 00:07:24 (1543 turns).

tizbic2 the Skirmisher (Ogre Brigand)               Turns: 1543, Time: 00:07:25

Health: -2/37      AC:  4    Str: 15    XL:     3   Next: 43%
Magic:  3/3        EV:  9    Int: 14    God:    Wu Jian [......]
Gold:   65         SH:  0    Dex: 10    Spells: 2/2 levels left

rFire   . . .      SeeInvis .   a - +2 dagger
rCold   . . .      Faith    .   (no shield)
rNeg    . . .      Spirit   .   b - +0 robe
rPois   .          Reflect  .   (helmet restricted)
rElec   .          Harm     .   c - +0 cloak
rCorr   .          Rampage  .   (gloves unavailable)
Will    .....                   (boots unavailable)
Stlth   ++........              (no amulet)
HPRegen 0.12/turn               (no ring)
MPRegen 0.08/turn               (no ring)

@: no status effects
A: large, unfitting armour, tough skin 1
a: Renounce Religion


You were on level 2 of the Dungeon.
You worshipped Wu Jian.
Wu Jian was noncommittal.
You visited 1 branch of the dungeon, and saw 2 of its levels.

You collected 65 gold pieces.

Inventory:

Hand Weapons
 a - a +2 dagger (weapon)
Missiles
 d - 8 poisoned darts
 e - 2 curare-tipped darts
 g - 65 stones (quivered)
 j - 6 javelins
 k - 2 boomerangs
Armour
 b - a +0 robe (worn)
 c - a +0 cloak (worn)
Magical Staves
 f - a staff of earth
Potions
 h - a potion of attraction


   Skills:
 + Level 3.2 Fighting
 - Level 1.8 Short Blades
 * Level 1.4 Staves
 - Level 2.0 Throwing
 - Level 0.8 Dodging
 - Level 2.9 Stealth
 * Level 1.3 Earth Magic
 + Level 0.6 Evocations


You had 2 spell levels left.
You didn't know any spells.
Your spell library contained the following spells:

 Spells                   Type           Power      Damage    Failure   Level
 Apportation              Tloc           0%         N/A       28%         1
 Alistair's Intoxication  Tmut/Pois      0%         N/A       100%        5


Dungeon Overview and Level Annotations

Branches:
Dungeon (2/15)

Altars:
Wu Jian


Innate Abilities, Weirdness & Mutations

You are too large for most types of armour.
You have tough skin. (AC +1)


Message History

You kill the worm!
The Council accepts your kill.
Found 25 stones.
g - 40 stones (gained 1)
A gnoll comes into view. It is wielding a +0 spear.
The gnoll shouts!
You hear a shout!
You see here a book of Party Tricks.
You pick up a book of Party Tricks and begin reading...
You add the spells Apportation and Alistair's Intoxication to your library.
You see here 25 stones.
g - 65 stones (gained 25)
The gnoll barely misses you.
You lunge at the gnoll.
You hit the gnoll.
The gnoll is moderately wounded.
The gnoll hits you with a +0 spear.
You barely miss the gnoll.
The gnoll is moderately wounded.
The gnoll hits you with a +0 spear.
A gnoll comes into view. It is wielding a +0 spear.
The gnoll hits you with a +0 spear!
The gnoll shouts!
You hit the gnoll but do no damage.
The gnoll is moderately wounded.
The gnoll hits you with a +0 spear.
* * * LOW HITPOINT WARNING * * *
A gnoll comes into view. It is wielding a +0 halberd.
You hit the gnoll.
The gnoll is heavily wounded.
The gnoll hits you with a +0 spear.
* * * LOW HITPOINT WARNING * * *
You aren't carrying any scrolls.
It was a potion of curing.
You feel better. The gnoll hits you with a +0 spear.
A gnoll comes into view. It is wielding a +0 flail.
The gnoll hits you with a +0 spear.
The gnoll hits you from afar with a +0 spear.
* * * LOW HITPOINT WARNING * * *
The gnoll hits you from afar with a +0 spear!
* * * LOW HITPOINT WARNING * * *
The gnoll hits you from afar with a +0 spear.
You die...

.. ..###########
...#........# ..
............# ##. .
...........# #... ..
##ggg.....# ..#
...#......g..# .#
........@....# # .
...##........#
###.##.####...^......#
<......#....###.######
....#.......#?#.#
####........###.# #
#........†.# #
#..........#
#..........#


You could see 4 gnolls.

Vanquished Creatures
  2 worms (D:2)
  2 endoplasms
  2 goblins (D:1)
  3 hobgoblins (D:1)
  4 jackals (D:1)
  5 ball pythons
  5 bats
  2 frilled lizards (D:1)
  4 kobolds (D:1)
  2 rats (D:2)
31 creatures vanquished.

Notes
Turn   | Place    | Note
-------+----------+-------------------------------------------
     0 | D:1      | tizbic2 the Ogre Brigand began the quest for the Orb.
     0 | D:1      | Reached XP level 1. HP: 22/22 MP: 1/1
   488 | D:1      | Reached XP level 2. HP: 29/29 MP: 2/2
   662 | D:1      | Reached skill level 3 in Fighting
   667 | D:1      | Reached skill level 1 in Staves
   775 | D:1      | Reached skill level 1 in Earth Magic
   845 | D:1      | Reached XP level 3. HP: 34/37 MP: 3/3
  1028 | D:2      | Found an ornate altar of the Wu Jian Council.
  1033 | D:2      | Became a worshipper of the Wu Jian Council
  1543 | D:2      | Slain by a gnoll

Illustrated notes

Levels and vault maps discovered:
D:1:      nzn_arrival_depleted_hourglass, layout_rooms
D:2:      layout_rooms, basic_altar, item_on_display_a

Skill      XL: |  1  2 |
---------------+-------+-----
Fighting       | 3 |  3.2
Staves         | 1 |  1.4
Earth Magic    | 1 |  1.3
Short Blades   | |  1.8
Throwing       | |  2.0
Dodging        | |  0.8
Stealth        | |  2.9
Evocations     | |  0.6

Action                   || total
-------------------------++-------
Melee: Staff             ||    36
       Dagger            ||    89
Throw: Dart              ||     8
       Stone             ||    15
Invok: Lunge             ||     2
  Use: Scroll            ||     4
       Potion            ||     1
 Stab: Sleeping          ||     4
Armor: Robe              ||    34
Dodge: Dodged            ||    47
